 Dungeon Crawl Stone Soup version 0.31.0-11-ge490571c62 (webtiles) character file.

Game seed: 726046028957897183

2095888 lDtest the Worldbinder (level 27, 63/209 HPs)
             Began as a Felid Summoner on Jan 29, 2024.
             Was the Champion of Sif Muna.
             Escaped with the Orb
             ... and 4 runes
             ... and 1 gem on Jan 30, 2024!
             The game lasted 04:42:15 (95929 turns).

lDtest the Worldbinder (Felid Summoner)            Turns: 95929, Time: 04:42:15

Health: 63/209     AC: 35    Str:  6      XL:     27
Magic:  18/55      EV: 26    Int: 28 (31) God:    Sif Muna [******]
Gold:   4294       SH:  0    Dex: 18 (19) Spells: 15/62 levels left
                                        Lives:  1   Deaths: 7

rFire   + + .        (weapon unavailable)
rCold   + + .        (shield unavailable)
rNeg    + . .        (body armour unavailable)
rPois   ∞            (helmet unavailable)
rElec   +            (cloak unavailable)
rCorr   +            (gloves unavailable)
SInv    +            (boots unavailable)
Will    +++++        U - amulet "Sihecog" {rF+ Regen+ Str+2}
Stlth   +            w - ring "Hofreofy" {rF+ rC+ Will+ MP+9}
HPRegen 1.34/turn    y - ring of Huntirac {Wiz rC+ Will+ rCorr Stlth-}
MPRegen 0.34/turn

%: wizardry (x1)
@: statue-form, on dragon call cooldown, studying 2 skills, very slow
A: slow and powerful, torment resistance 1, boosted hp, very small, claws 1,
fangs 3, see invisible, (shaggy fur 3), stealthy paws, no weapons or thrown
items, no armour, multi-lived, deterioration 1, MP-powered wands
0: Orb of Zot
}: 4/15 runes: barnacled, slimy, silver, gossamer
a: Begin Untransformation, Renounce Religion, Channel Magic, Forget Spell,
Divine Exegesis


You escaped.
You worshipped Sif Muna.
Sif Muna was exalted by your worship.
You were a living statue of rough stone.
You visited 11 branches of the dungeon, and saw 55 of its levels.
You visited 1 bazaar.
You visited 1 ziggurat, and saw 16 of its levels.
You also visited: Bailey and Gauntlet.

You collected 7786 gold pieces.
You spent 3492 gold pieces at shops.

Inventory:

Jewellery
 e - the ring of Activism {^Contam Fly rElec Int+6 Stlth+}
   (You found it on level 9 of the Dungeon)

   [ring of intelligence]

   Int+6:     It affects your intelligence (+6).
   rElec:     It insulates you from electricity.
   Fly:       It grants you flight.
   ^Contam:   It causes magical contamination when unequipped.
   Stlth+:    It makes you more stealthy.
 f - the ring of Immorality {rPois rF++ rC+ Str-3 Stlth-}
   (You bought it in a shop on level 2 of the Vaults)

   [ring of poison resistance]

   Str-3:     It affects your strength (-3).
   rF++:      It greatly protects you from fire.
   rC+:       It protects you from cold.
   rPois:     It protects you from poison Stlth-: It makes you less stealthy.
 i - the macabre finger necklace {Finger+ rN+}
   (You found it on level 2 of the Realm of Zot)

   [amulet of nothing]

   Finger+:   It enables you to equip an extra ring.
   rN+:       It protects you from negative energy.
 r - an amulet of magic regeneration
 w - the ring "Hofreofy" (left paw) {rF+ rC+ Will+ MP+9}
   (You acquired it in a bazaar)

   [ring of magical power]

   rF+:       It protects you from fire.
   rC+:       It protects you from cold.
   Will+:     It increases your willpower.
   MP+9:      It affects your magic capacity (+9).
 y - the ring of Huntirac (right paw) {Wiz rC+ Will+ rCorr Stlth-}
   (You bought it in a shop on level 3 of the Depths)

   [ring of wizardry]

   Wiz:       It improves your spell success rate.
   rC+:       It protects you from cold.
   Will+:     It increases your willpower.
   rCorr:     It protects you from acid and corrosion.
   Stlth-:    It makes you less stealthy.
 F - the ring of Zobboj {rN+ Dex+3}
   (You found it on level 5 of the Pits of Slime)

   [ring of positive energy]

   Dex+3:     It affects your dexterity (+3).
   rN+:       It protects you from negative energy.
 G - an amulet of reflection
 L - the ring of the Real Monster {Fly rCorr}
   (You found it on level 16 of a ziggurat)

   [ring of flight]

   Fly:       It grants you flight.
   rCorr:     It protects you from acid and corrosion.
 P - the ring of Ruf Teuj {rF+ MP+9}
   (You found it on level 8 of a ziggurat)

   [ring of protection from fire]

   rF+:       It protects you from fire.
   MP+9:      It affects your magic capacity (+9).
 U - the amulet "Sihecog" (around neck) {rF+ Regen+ Str+2}
   (You took it off a centaur on level 14 of the Dungeon)

   [amulet of regeneration]

   Str+2:     It affects your strength (+2).
   rF+:       It protects you from fire.
   Regen+:    It increases your rate of health regeneration.
 Y - the ring of Xaunar Luox {Wiz rElec rPois rC+ rCorr}
   (You found it on level 11 of a ziggurat)

   [ring of wizardry]

   Wiz:       It improves your spell success rate.
   rC+:       It protects you from cold.
   rElec:     It insulates you from electricity.
   rPois:     It protects you from poison rCorr: It protects you from acid and
   corrosion.
 Z - the ring of the Good {rC+ rCorr}
   (You found it on level 15 of a ziggurat)

   [ring of resist corrosion]

   rC+:       It protects you from cold.
   rCorr:     It protects you from acid and corrosion.
Talismans
 V - a talisman of death
 W - a granite talisman (active)
 X - a dragon-blood talisman
Wands
 x - a wand of flame (126)
 D - a wand of mindburst (37)
 H - a wand of paralysis (40)
 I - a wand of iceblast (85)
 J - a wand of acid (57)
 T - a wand of digging (13)
Scrolls
 b - 2 scrolls of butterflies
 c - 21 scrolls of fog
 h - 12 scrolls of blinking
 j - 14 scrolls of fear
 k - 39 scrolls of identify
 m - 26 scrolls of teleportation
 p - 4 scrolls of amnesia
 q - 17 scrolls of immolation
 s - 7 scrolls of revelation
 u - 8 scrolls of poison
 A - 5 scrolls of torment
Potions
 a - 4 potions of magic
 d - 7 potions of cancellation
 g - 14 potions of lignification
 l - 11 potions of resistance
 n - 16 potions of mutation
 o - 9 potions of attraction
 t - 10 potions of ambrosia
 z - 3 potions of haste
 C - 5 potions of invisibility
 E - 22 potions of curing
 K - 6 potions of enlightenment
 M - 9 potions of heal wounds
 N - 6 potions of might
 Q - 6 potions of brilliance
Miscellaneous
 v - a box of beasts
 B - a phantom mirror
 O - a lightning rod (4/4)
 R - a condenser vane
 S - a phial of floods


   Skills:
 + Level 22.2 Fighting
 - Level 12.0 Dodging
 - Level 2.6 Stealth
 - Level 18.0 Spellcasting
 - Level 10.0 Conjurations
 - Level 10.0 Hexes
 - Level 25.0 Summonings
 - Level 12.0 Translocations
 - Level 18.0 Fire Magic
 - Level 7.0 Air Magic
 - Level 11.0 Alchemy
 - Level 14.0 Invocations
 - Level 23.0 Shapeshifting


You had 15 spell levels left.
You knew the following spells:

 Your Spells              Type           Power      Damage    Failure   Level
a - Malign Gateway        Summ/Tloc      45%        N/A       1%          7
b - Summon Horrible Thin  Summ           52%        N/A       1%          8
e - Irradiate             Conj/Alch      35%        3d23      1%          5
f - Yara's Violent Unrav  Hex/Alch       35%        3d14      1%          5
g - Ignition              Fire           45%        3d13      2%          8
i - Blink                 Tloc           100%       N/A       0%          2
x - Call Imp              Summ           100%       N/A       0%          2
y - Summon Small Mammal   Summ           100%       N/A       0%          1
z - Dragon's Call         Summ           52%        N/A       2%          9

Your spell library contained the following spells:

 Spells                   Type           Power      Damage    Failure   Level
 Apportation              Tloc           100%       N/A       0%          1
 Foxfire                  Conj/Fire      100%       2x1d9     0%          1
 Sting                    Conj/Alch      100%       1d9       0%          1
 Lesser Beckoning         Tloc           100%       N/A       0%          2
 Scorch                   Fire           100%       2d9       0%          2
 Call Canine Familiar     Summ           100%       N/A       0%          3
 Inner Flame              Hex/Fire       81%        N/A       0%          3
 Volatile Blastmotes      Fire/Tloc      100%       2d18      0%          3
 Summon Blazeheart Golem  Fire/Summ      98%        N/A       0%          4
 Summon Cactus Giant      Summ           52%        N/A       0%          6
 Freeze                   Ice            100%       1d10      1%          1
 Kiss of Death            Conj/Necr      100%       2d13      1%          1
 Magic Dart               Conj           100%       1d8       1%          1
 Necrotise                Necr           100%       1d9       1%          1
 Sandblast                Erth           50%        2d12      1%          1
 Shock                    Conj/Air       100%       1d9       1%          1
 Slow                     Hex            100%       N/A       1%          1
 Cigotuvi's Dreadful Rot  Necr/Alch/Air  100%       N/A       1%          2
 Ensorcelled Hibernation  Hex/Ice        100%       N/A       1%          2
 Jinxbite                 Hex            100%       N/A       1%          2
 Mercury Vapours          Alch/Air       100%       N/A       1%          2
 Momentum Strike          Conj/Tloc      100%       3d10      1%          2
 Searing Ray              Conj           100%       2d8       1%          2
 Static Discharge         Conj/Air       100%       3-8/arc   1%          2
 Confusing Touch          Hex            69%        N/A       1%          3
 Dazzling Flash           Conj/Hex       100%       N/A       1%          3
 Gell's Gravitas          Tloc           75%        N/A       1%          3
 Hailstorm                Conj/Ice       52%        3d10      1%          3
 Mephitic Cloud           Conj/Alch/Air  67%        N/A       1%          3
 Sigil of Binding         Hex            69%        N/A       1%          3
 Stone Arrow              Conj/Erth      100%       3d13      1%          3
 Summon Ice Beast         Ice/Summ       76%        N/A       1%          3
 Swiftness                Air            59%        N/A       1%          3
 Teleport Other           Tloc           75%        N/A       1%          3
 Tukima's Dance           Hex            69%        N/A       1%          3
 Airstrike                Air            29%        2d(5-21)  1%          4
 Anguish                  Hex/Necr       26%        N/A       1%          4
 Brom's Barrelling Bould  Conj/Erth      52%        2d7       1%          4
 Cause Fear               Hex            34%        N/A       1%          4
 Flame Wave               Conj/Fire      81%        2d18      1%          4
 Fulminant Prism          Conj/Alch      35%        3d18      1%          4
 Ignite Poison            Fire/Alch      82%        N/A       1%          4
 Iskenderun's Mystic Bla  Conj/Tloc      72%        2d15      1%          4
 Leda's Liquefaction      Alch/Erth      27%        N/A       1%          4
 Manifold Assault         Tloc           75%        N/A       1%          4
 Martyr's Knell           Necr/Summ      76%        N/A       1%          4
 Olgreb's Toxic Radiance  Alch           72%        N/A       1%          4
 Passage of Golubria      Tloc           75%        N/A       1%          4
 Petrify                  Alch/Erth      54%        N/A       1%          4
 Sticky Flame             Fire/Alch      82%        2d13      1%          4
 Summon Lightning Spire   Summ/Air       86%        N/A       1%          4
 Vhi's Electric Charge    Tloc/Air       100%       N/A       1%          4
 Alistair's Intoxication  Alch           48%        N/A       1%          5
 Arcjolt                  Conj/Air       32%        1d42      1%          5
 Fireball                 Conj/Fire      40%        3d16      1%          5
 Freezing Cloud           Conj/Ice/Air   27%        6-21      1%          5
 Iskenderun's Battlesphe  Conj           69%        2d12      1%          5
 Silence                  Hex/Air        32%        N/A       1%          5
 Summon Forest            Summ/Tloc      45%        N/A       1%          5
 Summon Mana Viper        Hex/Summ       89%        N/A       1%          5
 Dispersal                Tloc           37%        N/A       1%          6
 Eringya's Noxious Bog    Alch           36%        4d6       1%          6
 Plasma Beam              Fire/Air       38%        2x1d51    1%          6
 Starburst                Conj/Fire      40%        6d12      1%          6
 Monstrous Menagerie      Summ           52%        N/A       1%          7
 Spellforged Servitor     Conj/Summ      44%        N/A       1%          7
 Summon Hydra             Summ           52%        N/A       1%          7
 Frozen Ramparts          Ice            50%        1d8       2%          3
 Fugue of the Fallen      Necr           25%        N/A       2%          3
 Ozocubu's Armour         Ice            25%        N/A       2%          3
 Passwall                 Erth           25%        N/A       2%          3
 Vampiric Draining        Necr           25%        2d7       2%          3
 Metabolic Englaciation   Hex/Ice        26%        N/A       2%          5
 Conjure Ball Lightning   Conj/Air       32%        3x3d10    3%          6
 Haunt                    Necr/Summ      38%        N/A       3%          7
 Animate Dead             Necr           25%        N/A       7%          4
 Dispel Undead            Necr           25%        3d12      7%          4
 Enfeeble                 Hex            34%        N/A       10%         7
 Orb of Destruction       Conj           34%        9d10      10%         7
 Sculpt Simulacrum        Ice/Alch       27%        N/A       12%         6
 Bombard                  Conj/Erth      26%        9d5       14%         6
 Borgnjor's Vile Clutch   Necr/Erth      12%        N/A       19%         5
 Curse of Agony           Necr           25%        N/A       19%         5
 Lee's Rapid Deconstruct  Erth           12%        3d9*      19%         5
 Disjunction              Tloc           37%        N/A       32%         8
 Discord                  Hex            34%        N/A       56%         8
 Death Channel            Necr           12%        N/A       69%         6
 Fire Storm               Conj/Fire      40%        8d10      89%         9
 Maxwell's Capacitive Co  Air            29%        ∞         92%         8
 Ozocubu's Refrigeration  Ice            12%        4d10      99%         7
 Lehudib's Crystal Spear  Conj/Erth      26%        10d7      99%         8
 Borgnjor's Revivificati  Necr           12%        N/A       100%        8
 Infestation              Necr           12%        N/A       100%        8
 Chain Lightning          Conj/Air       32%        3d42      100%        9
 Death's Door             Necr           12%        N/A       100%        9
 Polar Vortex             Ice            12%        12d1*     100%        9
 Shatter                  Erth           12%        3d13*     100%        9
 Sublimation of Blood     Necr           Unusable   N/A       N/A         2
 Dimensional Bullseye     Hex/Tloc       Unusable   N/A       N/A         4

Dungeon Overview and Level Annotations

Branches:
Dungeon (15/15)            Temple (0/1) D:4            Lair (5/5) D:10
 Shoals (4/4) Lair:3       Spider (4/4) Lair:3        Slime (5/5) Lair:5
    Orc (2/2) D:11            Elf (3/3) Orc:2        Vaults (5/5) D:14
  Crypt (3/3) Vaults:3       Tomb (0/3) Crypt:3      Depths (4/4) D:15
    Zot (5/5) Depths:4     Bailey (visited)         Gauntlet (visited)

Altars:
Ashenzari
Cheibriados
Dithmenos
Elyvilon
Fedhas
Hepliaklqana
Kikubaaqudgha
Nemelex Xobeh
Okawaru
Sif Muna
Trog
Uskayaw
Vehumet
Xom
Yredelemnul
The Shining One
Jiyva

Shops:
D:2 ?   D:4 :   D:9 *   Orc:2 (=(!   Elf:3 (=(   Vaults:2 [(=   Vaults:3 [
Depths:2 [   Depths:3 :=:?   Depths:4 [(

Portals:
Hell: Depths:1 Depths:2 Depths:3 Depths:4
Abyss: Depths:1 Depths:3
Pandemonium: Depths:2 Depths:4

Annotations:
Lair:5 2 runed translucent doors, exclusion: 2 doors
Shoals:1 2 transporters, exclusion: orange crystal statue
Elf:2 5 runed translucent doors, exclusion: 5 doors
Vaults:2 3 runed translucent doors, exclusion: 3 doors, Raspi's ghost, adept AtBr
Vaults:5 !


Innate Abilities, Weirdness & Mutations

You are a living statue of rough stone.
Your actions are slow, but your melee attacks are powerful.
You are resistant to unholy torment.
Your maximum health is greatly increased.
You are immune to poison.
You have sharp claws.
You have razor-sharp teeth.
You have supernaturally acute eyesight. (SInv)
((Your thick and shaggy fur keeps you warm. (AC +3, rC+)))
Your paws help you pounce on unaware monsters.
You are incapable of wielding weapons or throwing items.
You cannot wear armour.
You gain extra lives every three experience levels.
Your body sometimes deteriorates upon taking damage.
You expend magic power (3 MP) to strengthen your wands.


Message History

Roruguho blinks!
Unknown command.
Roruguho gestures at you.
The spray of metal splinters hits you but does no damage.
The hellion gestures at you.
The sphere of damnation explodes!
The damnation engulfs you!!
Unknown command.
The hellion gestures at you.
The sphere of damnation explodes!
The damnation engulfs you!!
Roruguho gestures.
Roruguho blinks!
Roruguho hits you!
Roruguho gestures.
The hellion hits you but does no damage. 3 ball lightnings come into view.
There is a staircase leading out of the dungeon here.
Unknown command.
The ball lightning explodes!
The blast of lightning engulfs Roruguho!
Roruguho resists.
The blast of lightning engulfs the ball lightning.
The ball lightning completely resists.
The blast of lightning engulfs you!! You resist.
The blast of lightning engulfs the ball lightning.
The ball lightning completely resists.
The blast of lightning engulfs the hellion!!
Roruguho gestures at you. The spray of metal splinters hits you!
The hellion completely misses you.
The ball lightning explodes!
The blast of lightning engulfs Roruguho!
Roruguho resists.
The blast of lightning engulfs the hellion!!!
The hellion dies!
The blast of lightning engulfs you! You resist.
The blast of lightning engulfs the ball lightning.
The ball lightning completely resists.
Roruguho hits you!!
The ball lightning explodes!
The blast of lightning engulfs Roruguho.
Roruguho resists.
The blast of lightning engulfs you!! You resist.
You have escaped!

##### ######.8.######
###.....&....L..###
###.......§§........####
#.'........§........'.§#
##.#.................##.#
#..###.............####.#
#.## ###.........### #.#
#####.# ###.....### #D#
......# ###.........###
#.#


You could see Roruguho and a lich (invisible).

Vanquished Creatures
  A shard shrike (Zig:11)
  An Ice Fiend (Zig:11)
  An Orb Guardian (Zot:5)
  A walking frostbound tome (Zig:11)
  A storm dragon (Zot:1)
  A thorn hunter (Zig:10)
  2 shadow dragons (Vaults:5)
  3 fenstrider witches (Zig:10)
  2 draconian monks
  An azure jelly (Zig:11)
  A draconian scorcher (Zig:16)
  A ghost moth (Zig:9)
  A deep elf sorcerer (Elf:2)
  3 frost giants
  3 vault wardens (Vaults:5)
  2 ironbound preservers (Vaults:5)
  A formless jellyfish (Slime:5)
  4 very ugly things (Vaults:5)
  3 stone giants (Vaults:5)
  A deep elf demonologist (Vaults:5)
  A deep elf annihilator (Vaults:5)
  A bunyip (Zig:10)
  A green death (Zig:12)
  A blizzard demon (Zig:11)
  2 entropy weavers
  A shambling mangrove (Zig:10)
  4 yaktaur captains (Vaults:5)
  4 hydras
  22 vault guards (Vaults:5)
  An ogre mage (Orc:2)
  2 ironbound frosthearts (Zig:11)
  2 death scarabs (Zig:7)
  6 dancing weapons
  A radroach (Spider:1)
  A deep troll earth mage (Vaults:5)
  A spriggan berserker (Depths:2)
  An orc high priest (Orc:2)
  4 goliath frogs
  A sea snake (shapeshifter) (Depths:2)
  A pharaoh ant (Zig:9)
  An orb spider (Spider:4)
  2 swamp dragons (Zig:12)
  A steelbarb worm (Spider:3)
  A spriggan druid (Zig:10)
  2 ironbound convokers
  A sun moth (Spider:3)
  3 wolf spiders
  A spriggan simulacrum (Zig:11)
  2 deep elf zephyrmancers (Elf:2)
  2 necromancers (D:10)
  An orc knight (Orc:2)
  A deep elf pyromancer (Elf:1)
  A manticore (D:8)
  An orc sorcerer (Orc:2)
  A cyclops (D:11)
  A faun (shapeshifter) (Vaults:5)
  2 ugly things (Vaults:5)
  2 vault sentinels (Vaults:5)
  A moth of wrath (Zot:5)
  2 meliai (Spider:3)
  A black mamba (Lair:1)
  2 kobold demonologists (D:11)
  5 yaktaurs (Vaults:5)
  A troll (D:11)
  A guardian mummy (Zig:7)
  4 nameless horrors
  5 hornets
  10 tarantellas
  A harpy skeleton (Crypt:3)
  2 blink frogs (Lair:2)
  A meliai zombie (D:10)
  A culicivora (Spider:4)
  7 jumping spiders
  A vampire (D:10)
  2 wyverns
  3 spriggans
  A yak (Lair:4)
  2 shadows
  A warg (Orc:2)
  11 redbacks
  A vampire mosquito (Zig:10)
  A water moccasin (Lair:2)
  3 orc warriors
  5 wolves
  5 ogres
  3 centaurs (D:10)
  A phantom (D:10)
  A kobold brigand (D:11)
  A bullfrog (D:8)
  2 wights (D:10)
  4 killer bees
  5 electric eels
  5 orc priests
  5 orc wizards
  5 mummies (Zig:7)
  A gnoll (Bailey)
  A white imp (Gauntlet)
  A dart slug (D:5)
  18 orcs
  A giant cockroach (D:1)
  2 jackals
  2 kobolds
  A frilled lizard (D:2)
257 creatures vanquished.

Vanquished Creatures (collateral kills)
  the Royal Jelly (Slime:5)
  7 dread liches
  9 ancient liches
  4 pandemonium lords
  3 orbs of fire (Zot:5)
  A juggernaut (Depths:4)
  Josephina (Depths:2)
  4 Killer Klowns (Zot:5)
  A shard shrike (Zig:11)
  4 curse toes
  12 golden dragons
  2 bone dragons
  Arachne (Spider:2)
  3 electric golems
  3 Brimstone Fiends (Zig:13)
  Zenata (Vaults:3)
  2 hellephants (Zig:13)
  A Hell Sentinel (D:6)
  7 liches
  27 Orb Guardians
  Mlioglotl (Spider:2)
  13 tentacled monstrosities
  2 walking frostbound tomes
  8 quicksilver dragons
  2 titans (Vaults:5)
  20 acid blobs
  A deep elf master archer (Elf:3)
  2 deep elf blademasters (Elf:3)
  3 searing wretches (Zig:13)
  5 sphinxes
  3 Executioners
  15 death cobs
  Frances (Spider:2)
  6 ancient champions (Crypt:3)
  An eldritch tentacle (Slime:5)
  17 storm dragons
  12 shadow dragons
  4 tengu reavers
  7 azure jellies
  3 fenstrider witches
  4 nagarajas (Zig:15)
  10 rockslimes
  3 revenants (Crypt:3)
  5 protean progenitors
  6 draconian monks
  20 vault wardens
  11 fire giants
  The ghost of Jussuw Iff the Immaculate, an adept KoGl of Zin (D:15)
  2 demonspawn warmongers (Zig:5)
  3 draconian knights
  9 draconian shifters
  2 iron dragons
  9 deep elf sorcerers
  11 frost giants
  5 ghost moths
  2 deep elf elementalists (Elf:3)
  8 ghouls
  4 emperor scorpions
  5 draconian scorchers
  6 balrugs
  2 orc warlords
  A juggernaut zombie (Zig:7)
  A curse skull (Zig:8)
  2 draconian stormcallers (Zig:16)
  A broodmother (Spider:2)
  14 quicksilver oozes
  25 very ugly things
  2 cacodemons
  7 draconian annihilators
  14 formless jellyfish
  10 ironbound thunderhulks
  5 spriggan defenders
  22 ironbound preservers
  A caustic shrike skeleton (Zig:7)
  9 vampire knights
  16 stone giants
  7 green draconians
  8 deep elf death magi
  Nessos (Lair:3)
  9 black draconians
  3 deep elf demonologists
  3 lorocyprocas
  A war gargoyle (Vaults:3)
  A minotaur (Gauntlet)
  2 red draconians
  11 purple draconians
  7 deep elf annihilators
  2 dire elephants (Vaults:3)
  7 yellow draconians
  A bunyip (Zig:12)
  7 white draconians
  8 spark wasps
  A mummy priest (Crypt:3)
  20 ettins
  10 fire dragons
  11 merfolk javelineers
  3 green deaths
  3 eidola
  A crystal guardian (Vaults:3)
  4 jiangshi
  A shambling mangrove (Zig:12)
  12 entropy weavers
  9 merfolk impalers
  17 yaktaur captains
  9 great orbs of eyes
  4 rakshasas
  A hydra (shapeshifter) (Zig:6)
  The ghost of Nattefrost the Spear-Bearer, a journeyman MfBe of Trog (D:10)
  4 deep elf high priests (Elf:3)
  8 vault guards
  9 hydras
  7 ice dragons
  2 hell beasts
  Erolcha (D:11)
  3 merfolk avatars
  5 spriggan air magi
  15 ironbound frosthearts
  5 salamander tyrants
  3 spriggan skeletons
  A peacekeeper (Vaults:3)
  A catoblepas (Lair:3)
  An anaconda (Zig:15)
  An alligator (Zig:12)
  9 boulder beetles
  18 centaur warriors
  2 ogre magi
  An alligator snapping turtle (Shoals:2)
  9 dancing weapons
  A satyr (Shoals:3)
  5 death knights
  5 merfolk aquamancers
  7 radroaches
  13 two-headed ogres
  3 jorogumos
  3 stokers (Zig:13)
  3 deep troll shamans
  5 tengu warriors
  A bennu skeleton (Crypt:3)
  2 naga warriors (Zig:15)
  8 vampire magi
  A death scarab (Depths:2)
  5 deep troll earth magi
  A naga sharpshooter (Zig:15)
  5 occultists
  3 death yaks (Lair:4)
  7 demonic crawlers
  5 shock serpents
  A shock serpent (shapeshifter) (Depths:2)
  5 orc high priests
  Nergalle (Lair:3)
  4 soul eaters
  4 spriggan berserkers
  A fire crab (Zig:2)
  3 sun demons
  12 deep elf knights
  11 hell knights
  11 pharaoh ants
  6 skysharks
  14 skeletal warriors
  A goliath frog (Zig:6)
  A fire crab (shapeshifter) (D:15)
  3 shadow demons
  3 iron trolls
  3 sixfirhies
  12 sea snakes
  A bunyip zombie (Crypt:2)
  54 deep trolls
  2 bog bodies
  An obsidian statue (Zot:5)
  9 glowing orange brains
  3 naga ritualists (Zig:15)
  12 deep elf archers
  8 flayed ghosts
  An orb spider (shapeshifter) (Depths:1)
  6 lindwurms
  2 sun moths
  11 phantasmal warriors
  A swamp dragon (Zig:10)
  8 arcanists
  10 orc knights
  17 ironbound convokers
  11 orb spiders
  2 lindwurms (shapeshifter)
  A death drake (shapeshifter) (Vaults:5)
  13 deep elf zephyrmancers
  23 deep elf pyromancers
  19 harpies
  9 steelbarb worms
  13 wolf spiders
  3 necromancers
  A glowing shapeshifter (Zig:6)
  4 shining eyes
  11 cyclopes
  18 manticores
  2 manticores (shapeshifter)
  6 fauns
  A salamander (Zig:15)
  37 ugly things
  18 elephants
  A goliath frog skeleton (Crypt:3)
  A faun (shapeshifter) (Zig:14)
  3 merfolk sirens
  26 moths of wrath
  A shining eye (shapeshifter) (Zig:14)
  3 kobold blastminers (Orc:2)
  4 centaur zombies
  2 meliai
  5 naga magi (Zig:15)
  17 vault sentinels
  4 eyes of devastation
  A rust devil (Depths:3)
  14 black mambas
  2 guardian serpents (Zig:15)
  2 cane toads (shapeshifter)
  2 molten gargoyles (Lair:5)
  3 torpor snails
  A shock serpent skeleton (Crypt:1)
  2 dire elephant skeletons (Crypt:3)
  8 water nymphs
  A centaur skeleton (D:15)
  8 cane toads
  A minotaur zombie (Crypt:1)
  An unseen horror (D:12)
  5 freezing wraiths
  An orb spider zombie (Crypt:3)
  7 tengu conjurers
  12 komodo dragons
  A spark wasp simulacrum (Depths:2)
  3 kobold demonologists
  2 tormentors
  47 yaktaurs
  2 ice devils
  7 guardian mummies
  A komodo dragon (shapeshifter) (Zig:14)
  An iron troll zombie (Crypt:1)
  6 rime drakes
  A harpy zombie (Crypt:3)
  2 swamp worm zombies (Crypt:2)
  2 red devils (Depths:3)
  A black draconian skeleton (Crypt:3)
  A green draconian skeleton (Crypt:2)
  A yellow draconian skeleton (Crypt:1)
  A polar bear (Lair:4)
  7 trolls
  12 nameless horrors
  A tarantella (shapeshifter) (Vaults:5)
  16 tarantellas
  34 merfolk
  11 hornets
  5 glass eyes
  6 wind drakes
  2 tyrant leeches (Zot:4)
  A moth of wrath zombie (Crypt:2)
  A hydra skeleton (Crypt:3)
  A raiju (D:11)
  7 snapping turtles
  15 blink frogs
  A fire giant simulacrum (Depths:2)
  A tarantella zombie (Crypt:3)
  18 jumping spiders
  3 meliai zombies (D:10)
  11 dream sheep
  A harpy skeleton (Crypt:3)
  2 satyr skeletons
  85 slime creatures
  A centaur simulacrum (D:15)
  12 wyverns
  A guardian serpent skeleton (Crypt:2)
  48 yaks
  2 ushabtiu (Zig:7)
  2 ynoxinuls
  4 air elementals
  2 shadows
  7 vampires
  11 culicivoras
  A fire dragon skeleton (Crypt:2)
  3 spriggans (Depths:4)
  24 water elementals
  A golden eye (shapeshifter) (D:13)
  4 golden eyes
  3 humans (D:14)
  21 wraiths
  3 neqoxecs
  4 fire elementals
  6 basilisks
  2 wargs (Orc:2)
  48 redbacks
  3 steam dragons (Lair:5)
  A naga zombie (Crypt:2)
  6 vampire mosquitoes (D:12)
  Menkaure (D:4)
  4 chaos spawn
  4 nagas (Zig:15)
  2 acid dragons
  An entropy weaver zombie (Crypt:1)
  15 water moccasins
  4 hell hounds (Lair:5)
  45 orc warriors
  A cane toad skeleton (Crypt:3)
  16 laughing skulls
  A sky beast (D:7)
  2 black bears
  10 ogres
  12 wolves
  42 centaurs
  A swamp dragon skeleton (Crypt:2)
  A lindwurm skeleton (Crypt:2)
  6 phantoms
  A brain worm (shapeshifter) (D:15)
  8 bullfrogs
  A scorpion (D:5)
  4 necrophages
  2 earth elementals
  A cyclops zombie (Crypt:1)
  A glowing shapeshifter simulacrum (Depths:2)
  15 wights
  A polar bear zombie (Crypt:3)
  21 killer bees
  8 lava snakes
  A bombardier beetle (D:5)
  2 jellies (D:6)
  2 gnoll boudas
  2 hounds
  25 orc priests
  A basilisk skeleton (Crypt:1)
  An iron imp (Zot:3)
  3 sleepcaps
  3 iguanas
  Terence (D:3)
  21 orc wizards
  An ice beast zombie (Crypt:1)
  A mummy (Zig:7)
  8 adders
  24 gnolls
  2 shadow imps
  2 white imps
  2 ufetubi (D:7)
  An adder zombie (Crypt:3)
  2 ribbon worms
  6 dart slugs
  66 orcs
  2 endoplasms
  2 giant cockroaches (D:4)
  22 goblins
  17 hobgoblins
  6 jackals
  3 quokkas
  6 ball pythons
  4 bats
  A frilled lizard (D:2)
  A frilled lizard skeleton (Crypt:3)
  A giant cockroach zombie (Crypt:2)
  7 kobolds
  5 rats
  A river rat skeleton (Crypt:3)
  2 aspiring fleshes (Zot:2)
  A fire vortex (Zig:13)
2452 creatures vanquished.

Vanquished Creatures (others)
  A Brimstone Fiend (Zig:13)
  A searing wretch (Zig:13)
  A shadow dragon (Vaults:5)
  37 eldritch tentacles
  A rockslime (Slime:5)
  2 fire giants
  A vault warden (Vaults:1)
  A deep elf demonologist (Elf:3)
  A purple draconian (Zot:5)
  A yellow draconian (Zig:16)
  A red draconian (Zot:5)
  An ettin (Vaults:5)
  A salamander tyrant (Zig:15)
  2 deep elf knights
  2 sea snakes
  An ironbound convoker (Vaults:5)
  A harpy (Zig:4)
  A quicksilver dragon simulacrum (Depths:2)
  A black mamba (Zig:15)
  A hellion (D:1)
  A water elemental (Shoals:2)
  A redback (Spider:2)
  A centaur (Shoals:3)
  An orc wizard (D:9)
  6 ball lightnings (D:1)
  2 fire vortices (Zig:13)
71 creatures vanquished.

Grand Total: 2780 creatures vanquished

Notes
Turn   | Place    | Note
-------+----------+-------------------------------------------
     0 | D:1      | lDtest the Felid Summoner began the quest for the Orb.
     0 | D:1      | Reached XP level 1. HP: 9/9 MP: 4/4
    50 | D:1      | You fall into a shaft and drop 1 floor!
    56 | D:2      | Found Huihasiof's Magic Scroll Emporium.
   133 | D:2      | Identified the +0 chain mail of Eternal Vigilance {Fly
                  | Will++ Regen+ Dex-5 Stlth+}
   331 | D:1      | Reached XP level 2. HP: 13/13 MP: 2/6
   334 | D:1      | Learned a level 2 spell: Call Imp
  1424 | D:1      | Reached XP level 3. HP: 16/16 MP: 6/8
  1653 | D:1      | Learned a level 3 spell: Call Canine Familiar
  2201 | D:2      | Reached skill level 5 in Summonings
  2232 | D:2      | Reached XP level 4. HP: 21/21 MP: 5/9
  2232 | D:2      | Gained a life (2 lives remaining)
  2724 | D:2      | Bought a scroll of identify for 20 gold pieces
  2724 | D:2      | Bought a scroll of noise for 10 gold pieces
  2724 | D:2      | Bought a scroll of fear for 40 gold pieces
  3340 | D:3      | Noticed Terence
  3579 | D:3      | Found a hide-covered altar of Uskayaw.
  3614 | D:3      | Found a blossoming altar of Fedhas.
  3614 | D:3      | Found a hazy altar of Hepliaklqana.
  3641 | D:3      | Found a shimmering blue altar of Sif Muna.
  3644 | D:3      | Found an ancient bone altar of Kikubaaqudgha.
  3644 | D:3      | Found a glowing golden altar of the Shining One.
  3646 | D:3      | Found a shimmering altar of Xom.
  3647 | D:3      | Found a snail-covered altar of Cheibriados.
  3651 | D:3      | Became a worshipper of Sif Muna the Loreminder
  3769 | D:3      | Found a faded altar of an unknown god.
  4080 | D:4      | Reached XP level 5. HP: 24/24 MP: 2/10
  4083 | D:4      | Reached skill level 6 in Summonings
  4247 | D:4      | Learned a level 4 spell: Summon Lightning Spire
  4256 | D:4      | Found a staircase to the Ecumenical Temple.
  4295 | D:4      | Noticed Menkaure
  4477 | D:4      | Found Yqoo's Self-Improvement Boutique.
  4584 | D:4      | Reached skill level 1 in Air Magic
  4772 | D:4      | Killed Menkaure
  4773 | D:4      | Gained mutation: You are covered in thick fur. (AC +2)
                  | [Felid growth]
  4773 | D:4      | Reached XP level 6. HP: 16/28 MP: 0/11
  5135 | D:4      | Reached * piety under Sif Muna
  5497 | D:4      | Found Yqoo's Self-Improvement Boutique.
  5687 | D:4      | Found a staircase to the Ecumenical Temple.
  5747 | D:5      | Entered Level 5 of the Dungeon
  6038 | D:5      | Reached XP level 7. HP: 32/32 MP: 5/12
  6105 | D:5      | Reached skill level 5 in Air Magic
  6630 | D:5      | Found a white marble altar of Elyvilon.
  6630 | D:5      | Found a shadowy altar of Dithmenos.
  6891 | D:6      | Reached skill level 7 in Summonings
  6905 | D:6      | Reached XP level 8. HP: 36/36 MP: 11/15
  7229 | D:6      | Reached skill level 8 in Summonings
  7241 | D:6      | Reached ** piety under Sif Muna
  7739 | D:6      | Learned a level 5 spell: Irradiate
  7860 | D:6      | Reached skill level 1 in Fighting
  8071 | D:7      | Reached skill level 1 in Conjurations
  8071 | D:7      | Reached skill level 1 in Alchemy
  8150 | D:7      | Found a broken altar of Ashenzari.
  8186 | D:7      | Reached XP level 9. HP: 42/42 MP: 10/16
  9409 | D:8      | Reached *** piety under Sif Muna
  9495 | D:8      | Reached skill level 5 in Alchemy
  9523 | D:8      | Noticed a manticore
  9545 | D:8      | Killed a manticore
  9546 | D:8      | Reached skill level 5 in Conjurations
  9703 | D:8      | Reached XP level 10. HP: 46/46 MP: 13/17
  9803 | D:8      | Noticed a boulder beetle
  9826 | D:8      | Slain by a boulder beetle
  9826 | D:8      | Lost a life (1 life remaining)
 10274 | D:9      | Found Sagoneq's Overcharged Wands.
 10367 | D:9      | Identified the ring of Activism {^Contam Fly rElec Int+6
                  | Stlth+}
 11878 | D:10     | Entered Level 10 of the Dungeon
 12277 | D:10     | Reached **** piety under Sif Muna
 12292 | D:10     | Found a flagged portal.
 12305 | Bailey   | Entered a bailey
 12424 | Bailey   | Learned a level 2 spell: Blink
 12551 | Bailey   | Reached XP level 11. HP: 50/50 MP: 15/18
 12551 | Bailey   | Gained a life (2 lives remaining)
 12775 | Bailey   | Noticed an orc warlord
 12826 | Bailey   | Killed an orc warlord
 12951 | Bailey   | Reached skill level 5 in Fighting
 12951 | Bailey   | Reached skill level 5 in Dodging
 12951 | Bailey   | Reached skill level 5 in Translocations
 12951 | Bailey   | Reached skill level 10 in Alchemy
 12951 | Bailey   | Gained mutation: Your thick and shaggy fur keeps you warm.
                  | (AC +3, rC+) [Felid growth]
 12951 | Bailey   | Reached XP level 12. HP: 60/60 MP: 18/20
 13018 | D:10     | Found a staircase to the Lair.
 13136 | D:10     | Found a runed translucent door.
 13140 | D:10     | Noticed a five-headed hydra
 13141 | D:10     | Noticed a lich
 13143 | D:10     | Noticed Nattefrost's ghost (journeyman MfBe)
 13147 | D:10     | Found a runed translucent door.
 14104 | D:10     | Noticed an entropy weaver
 14336 | D:11     | Noticed Erolcha
 14345 | D:11     | Killed Erolcha
 14345 | D:11     | Reached ***** piety under Sif Muna
 14424 | D:11     | Reached skill level 10 in Conjurations
 14436 | D:11     | Reached skill level 5 in Spellcasting
 14550 | D:11     | Found a runed translucent door.
 14742 | D:11     | Found a staircase to the Orcish Mines.
 15271 | D:11     | Noticed a two-headed ogre
 15279 | D:11     | Killed a two-headed ogre
 15520 | D:11     | Found a runed translucent door.
 15521 | D:11     | Noticed a spark wasp
 15522 | D:11     | Noticed a spriggan air mage
 15523 | D:11     | Noticed a storm dragon
 15524 | D:11     | Found the +5 Storm Queen's Shield {shock, Fly rElec}
 15540 | D:11     | Found a runed translucent door.
 15613 | D:11     | Found a runed translucent door.
 15860 | Lair:1   | Entered Level 1 of the Lair of Beasts
 16064 | Lair:1   | Received a gift from Sif Muna
 16071 | Lair:1   | Got Sif Muna's Grimoire of Assembled Bombardment {god gift}
 16078 | Lair:1   | Learned a level 5 spell: Summon Mana Viper
 16119 | Lair:1   | Reached skill level 1 in Hexes
 16307 | Lair:1   | Reached XP level 13. HP: 68/68 MP: 18/26
 16793 | Lair:1   | Reached skill level 5 in Hexes
 18003 | Lair:2   | Reached skill level 10 in Hexes
 18852 | Lair:3   | Found a hole to the Spider Nest.
 18914 | Lair:3   | Noticed Nessos
 18926 | Lair:3   | Killed Nessos
 19263 | Lair:3   | Reached skill level 10 in Spellcasting
 19355 | Lair:2   | Learned a level 7 spell: Summon Hydra
 19393 | Lair:3   | Received a gift from Sif Muna
 19396 | Lair:3   | Got Sif Muna's Compendium of Meteoric Tinctures {god gift}
 19522 | Lair:3   | Reached skill level 9 in Summonings
 19780 | Lair:3   | Noticed Nergalle
 19827 | Lair:3   | Found an ancient bone altar of Kikubaaqudgha.
 20070 | Lair:3   | Killed Nergalle
 20302 | Lair:3   | Found a staircase to the Shoals.
 20482 | Lair:3   | Reached skill level 10 in Summonings
 20813 | Lair:4   | Reached XP level 14. HP: 73/73 MP: 21/29
 22023 | Lair:5   | Entered Level 5 of the Lair of Beasts
 22943 | Lair:5   | Learned a level 6 spell: Eringya's Noxious Bog
 23027 | Lair:5   | Received a gift from Sif Muna
 23030 | Lair:5   | Got Sif Muna's Essays on Assistive Hail {god gift}
 23138 | Lair:5   | Found a staircase to the Slime Pits.
 23141 | Lair:5   | Found a viscous altar of Jiyva.
 23839 | Lair:5   | Found a large runed translucent door.
 23840 | Lair:5   | Found a large runed translucent door.
 24186 | Lair:5   | Reached skill level 11 in Summonings
 25194 | D:10     | Killed a lich
 25282 | D:10     | Reached skill level 13 in Summonings
 25282 | D:10     | Reached XP level 15. HP: 77/77 MP: 32/32
 25464 | D:10     | Killed Nattefrost's ghost
 25582 | D:10     | Found a runed translucent door.
 25655 | D:10     | Found a staircase to the Lair.
 26700 | D:12     | Received a gift from Sif Muna
 26707 | D:12     | Got Sif Muna's Directory of Ozone and the Discharge {god
                  | gift}
 26754 | D:12     | Reached XP level 16. HP: 81/81 MP: 24/33
 27008 | D:12     | Reached skill level 14 in Summonings
 27485 | Orc:1    | Entered Level 1 of the Orcish Mines
 27964 | Orc:2    | Entered Level 2 of the Orcish Mines
 29009 | Orc:2    | Found a staircase to the Elven Halls.
 29045 | Orc:1    | Reached skill level 15 in Summonings
 29712 | Orc:2    | Received a gift from Sif Muna
 29849 | Orc:2    | Got Sif Muna's Information on Imprecation and Toxicology
                  | {god gift}
 30309 | Orc:2    | Found Sozxac's Distillery.
 30309 | Orc:2    | Found Rorchun's Antique Weapon Emporium.
 30310 | Orc:2    | Found Osoakay's Jewellery Shoppe.
 30310 | Orc:2    | Found Tutunis's Weapon Emporium.
 30317 | Orc:2    | Bought a potion of curing for 45 gold pieces
 30340 | Orc:2    | Bought 2 potions of curing for 90 gold pieces
 30340 | Orc:2    | Bought a potion of invisibility for 120 gold pieces
 30340 | Orc:2    | Bought 2 potions of lignification for 90 gold pieces
 30340 | Orc:2    | Bought a potion of lignification for 45 gold pieces
 30340 | Orc:2    | Bought a potion of might for 60 gold pieces
 30816 | D:10     | Reached skill level 16 in Summonings
 31298 | D:13     | Found a gate leading to a gauntlet.
 31303 | Gauntlet | Entered a Gauntlet
 31303 | Gauntlet | Found a transporter.
 31303 | Gauntlet | Found a transporter.
 31309 | Gauntlet | Found a transporter.
 31310 | Gauntlet | Found a runed translucent door.
 31311 | Gauntlet | Found a runed translucent door.
 31322 | Gauntlet | Found a transporter.
 31340 | Gauntlet | Found a transporter.
 31340 | Gauntlet | Found a transporter.
 31340 | Gauntlet | Found a transporter.
 31343 | Gauntlet | Found a transporter.
 31343 | Gauntlet | Found a transporter.
 31355 | Gauntlet | Found a transporter.
 31376 | Gauntlet | Found a transporter.
 31383 | Gauntlet | Found a transporter.
 31398 | Gauntlet | Found a transporter.
 31418 | Gauntlet | Found a transporter.
 31683 | Gauntlet | Gained mutation: Your health recovers twice as slowly from
                  | being drained. [a neqoxec]
 31692 | Gauntlet | Identified the amulet of Duill {Harm +Inv Will+ Regen+
                  | Int+2}
 31729 | Gauntlet | Reached skill level 10 in Fighting
 31733 | Gauntlet | Identified the +6 sling of Accord {freeze, rElec rC- Will-
                  | Int+10}
 32654 | D:13     | Found a white marble altar of Elyvilon.
 33041 | D:14     | Identified the amulet "Sihecog" {rF+ Regen+ Str+2}
 33321 | D:14     | Reached skill level 17 in Summonings
 34046 | D:14     | Found a sparkling altar of Nemelex Xobeh.
 34531 | D:14     | Found a gate to the Vaults.
 34836 | D:15     | Entered Level 15 of the Dungeon
 34984 | D:15     | Reached XP level 17. HP: 89/89 MP: 21/34
 34989 | D:15     | Reached skill level 18 in Summonings
 34999 | D:15     | Received a gift from Sif Muna
 35189 | D:15     | Found a transporter.
 35232 | D:15     | Found a transporter.
 35235 | D:15     | Found a bloodstained altar of Trog.
 35339 | D:15     | Noticed Jussuw Iff's ghost (adept KoGl)
 35929 | D:15     | Found a snail-covered altar of Cheibriados.
 36469 | D:15     | Found a staircase to the Depths.
 36706 | D:13     | Learned a level 4 spell: Olgreb's Toxic Radiance
 36844 | Spider:1 | Entered Level 1 of the Spider Nest
 36931 | Spider:1 | Reached skill level 19 in Summonings
 37236 | Spider:1 | HP: 3/89 [demonic crawler (16)]
 38139 | Spider:1 | Received a gift from Sif Muna
 38208 | Spider:1 | Got Sif Muna's Handbook of Movement and the Retinue {god
                  | gift}
 38664 | Spider:2 | Noticed Mlioglotl
 38672 | Spider:2 | Killed Mlioglotl
 38790 | Spider:2 | Reached skill level 20 in Summonings
 38804 | Spider:1 | Learned a level 8 spell: Summon Horrible Things
 39155 | Spider:2 | Noticed Arachne
 39165 | Spider:2 | Noticed Frances
 39176 | Spider:2 | Killed Arachne
 39178 | Spider:2 | Killed Frances
 39307 | Spider:2 | HP: 3/93 [spark wasp (31)]
 39307 | Spider:2 | Slain by a spark wasp
 39307 | Spider:2 | Lost a life (1 life remaining)
 40697 | Spider:3 | Reached XP level 18. HP: 100/100 MP: 7/35
 40697 | Spider:3 | Gained a life (2 lives remaining)
 41062 | Spider:3 | Received a gift from Sif Muna
 41625 | Spider:3 | Identified the +1 robe of Gosoorr {Will+}
 42065 | Spider:4 | Entered Level 4 of the Spider Nest
 42330 | Spider:4 | Reached skill level 21 in Summonings
 43580 | Spider:4 | Received a gift from Sif Muna
 43581 | Spider:4 | Got Feofon's Spellbook of the Massed Shot {god gift}
 45032 | Spider:4 | Got a gossamer rune of Zot
 45061 | Spider:4 | Learned a level 7 spell: Malign Gateway
 45203 | Shoals:1 | Entered Level 1 of the Shoals
 46377 | Shoals:1 | Identified the ring of Publasiw {Str-4 Dex+4 SInv}
 46389 | Shoals:1 | Found a transporter.
 46440 | Shoals:1 | Found a transporter.
 46789 | Shoals:1 | Reached skill level 10 in Translocations
 49001 | Shoals:3 | Reached skill level 22 in Summonings
 49177 | Shoals:3 | Received a gift from Sif Muna
 49366 | Shoals:3 | Got Sif Muna's Encyclopedia of the Jinx and Black Spells
                  | {god gift}
 49485 | Shoals:3 | Reached XP level 19. HP: 106/106 MP: 24/36
 51030 | Shoals:4 | Entered Level 4 of the Shoals
 51109 | Shoals:4 | Found a bloodstained altar of Trog.
 51277 | Shoals:3 | Reached skill level 23 in Summonings
 51594 | Shoals:4 | Got a barnacled rune of Zot
 51596 | Shoals:4 | Got an azure gem with 0 turns to spare
 51705 | Shoals:4 | Got the Handbook of Shocking Snow
 51987 | Shoals:4 | HP: 4/106 [merfolk javelineer/javelin (21)]
 52141 | Shoals:4 | Hit by a silver javelin thrown by a merfolk javelineer
 52141 | Shoals:4 | Lost a life (1 life remaining)
 53039 | Elf:1    | Entered Level 1 of the Elven Halls
 53054 | Orc:2    | Learned a level 9 spell: Dragon's Call
 53172 | Elf:1    | Paralysed by an air elemental for 1 turns
 53252 | Elf:1    | Received a gift from Sif Muna
 53265 | Elf:1    | Got Sif Muna's Omnibus of Charnel Momentum {god gift}
 53721 | Elf:1    | Paralysed by an air elemental for 1 turns
 53755 | Elf:1    | Reached skill level 24 in Summonings
 54410 | Elf:1    | Got the Folio of Fulmination
 54829 | Elf:2    | Found a huge runed translucent gate.
 54829 | Elf:2    | Found a huge runed translucent gate.
 54829 | Elf:2    | Found a huge runed translucent gate.
 54829 | Elf:2    | Found a huge runed translucent gate.
 54830 | Elf:2    | Found a huge runed translucent gate.
 55090 | Elf:2    | Learned a level 5 spell: Yara's Violent Unravelling
 55303 | Elf:2    | Found a shimmering altar of Xom.
 55439 | Elf:3    | Entered Level 3 of the Elven Halls
 56508 | Elf:3    | Lost mutation: Your health recovers twice as slowly from
                  | being drained. [mutagenic glow]
 56629 | Elf:3    | Paralysed by an air elemental for 1 turns
 57069 | Elf:3    | Killed from afar by a deep elf knight
 57069 | Elf:3    | Lost a life (0 lives remaining)
 57144 | Elf:3    | Found Hyotaruo's Jewellery Shop.
 57144 | Elf:3    | Found Moreq's Antique Weapon Shop.
 57249 | Elf:3    | Found Imitau's Weapon Shop.
 57436 | Elf:3    | Reached XP level 20. HP: 111/111 MP: 31/39
 57436 | Elf:3    | Gained a life (1 life remaining)
 57543 | Elf:3    | Received a gift from Sif Muna
 57544 | Elf:3    | Reached skill level 15 in Spellcasting
 57901 | Elf:3    | Identified the +2 demon trident of the Vestibule of Hell
                  | {venom, Dex+2 SInv}
 57904 | Elf:3    | Identified the +4 flail of Dullness {freeze, rC+}
 57942 | Elf:3    | Got Sif Muna's Omnibus of Sandy Combat Magic {god gift}
 58244 | Elf:3    | Identified the +4 hand axe of Mastery {flame, Int-2 Dex+6}
 58247 | Elf:3    | Identified the staff of Circular Logic {+Blink SInv Earth}
 58676 | D:3      | Killed Terence
 59189 | Vaults:1 | Entered Level 1 of the Vaults
 59774 | Vaults:1 | Found the +3 Mad Mage's Maulers {Infuse+∞ VampMP -Cast}
 59867 | Vaults:1 | Identified the +4 arbalest of Kopp {heavy, ^Fragile rF++
                  | Will+}
 61284 | Vaults:2 | Found Zycatur's Jewellery Shoppe.
 61307 | Vaults:2 | Received a gift from Sif Muna
 61971 | Vaults:2 | Reached XP level 21. HP: 115/115 MP: 28/44
 61971 | Vaults:2 | Gained a life (2 lives remaining)
 62864 | Vaults:2 | You are sucked into a shaft and drop 2 floors!
 63124 | Vaults:2 | Received a gift from Sif Muna
 63310 | Vaults:2 | Bought the ring of Immorality {rPois rF++ rC+ Str-3 Stlth-}
                  | for 481 gold pieces
 63429 | Vaults:2 | Found Ahepp's Weapon Shoppe.
 63624 | Vaults:2 | Found Yriepsae's Antique Armour Shoppe.
 63965 | Vaults:2 | Found a runed translucent gate.
 63965 | Vaults:2 | Found a runed translucent gate.
 63965 | Vaults:2 | Found a runed translucent gate.
 64094 | Vaults:2 | Noticed Raspi's ghost (adept AtBr)
 64094 | Vaults:2 | Identified the +6 demon blade "Tis Bigh" {freeze, *Noise
                  | Int+3 Dex+3 SInv}
 64097 | Vaults:2 | Found an iron altar of Okawaru.
 64151 | Vaults:3 | Reached skill level 25 in Summonings
 64373 | Vaults:3 | Found Irribr Siaf's Armour Boutique.
 64817 | Vaults:3 | Found the +5 Lochaber axe {reach-cleave, Poleaxe ^Drain}
 65083 | Vaults:3 | Received a gift from Sif Muna
 65084 | Vaults:3 | Got Sif Muna's Quarto of Feathers and Hexes {god gift}
 65139 | Vaults:3 | Noticed Zenata
 65149 | Vaults:3 | Killed Zenata
 65150 | Vaults:3 | Reached skill level 10 in Dodging
 65840 | Vaults:3 | Reached skill level 1 in Invocations
 66306 | Vaults:3 | Found a staircase to the Crypt.
 66818 | Vaults:4 | Noticed an ancient lich
 66828 | Vaults:4 | Reached skill level 5 in Invocations
 66832 | Vaults:4 | Killed an ancient lich
 67811 | Vaults:4 | Reached XP level 22. HP: 108/120 MP: 19/45
 68543 | Vaults:4 | Received a gift from Sif Muna
 68557 | Vaults:4 | Reached skill level 10 in Invocations
 68672 | Vaults:4 | Got Ipaheg's Meditations on Scree and the Cumulonimbus {god
                  | gift}
 68930 | Depths:1 | Entered Level 1 of the Depths
 69263 | Depths:1 | Found a gateway to Hell.
 69291 | Depths:1 | Reached skill level 1 in Shapeshifting
 69774 | Depths:1 | Found a one-way gate to the infinite horrors of the Abyss.
 70118 | Depths:2 | Identified the ring "Satamas" {Ice rElec Str-5 Dex+2 SInv}
 70118 | Depths:2 | Noticed Josephina
 70139 | Depths:2 | Killed Josephina
 70377 | Depths:2 | Reached skill level 5 in Shapeshifting
 70989 | Depths:2 | Identified the +4 short sword of the Tundras {flame, rElec
                  | Int+5}
 71778 | Depths:2 | Found Pequ's Antique Armour Emporium.
 71912 | Depths:2 | Found a one-way gate leading to the halls of Pandemonium.
 72120 | Depths:3 | Received a gift from Sif Muna
 72733 | Depths:3 | Found Lenku Kis's Magic Scroll Shop.
 72759 | Depths:3 | Reached XP level 23. HP: 124/124 MP: 34/46
 72933 | Depths:3 | Found Sydum's Jewellery Shoppe.
 72934 | Depths:3 | Found Alimepab's Book Shop.
 72934 | Depths:3 | Found Wanuleny's Book Shop.
 72940 | Depths:3 | Bought a manual of Shapeshifting for 1680 gold pieces
 72979 | Depths:3 | Found a bloodstained altar of Trog.
 73007 | Depths:3 | Reached skill level 10 in Shapeshifting
 73858 | Depths:4 | Entered Level 4 of the Depths
 73858 | Depths:4 | Found a flickering gateway to a bazaar.
 73877 | Bazaar   | Entered a bazaar
 73883 | Bazaar   | Found Zoiw's Jewellery Shop.
 73883 | Bazaar   | Found Feangaloc's Magic Scroll Boutique.
 73894 | Bazaar   | Bought a scroll of teleportation for 48 gold pieces
 73894 | Bazaar   | Bought a scroll of poison for 64 gold pieces
 73894 | Bazaar   | Identified 2 scrolls of acquirement
 73895 | Bazaar   | Acquired a manual of Invocations
 73899 | Bazaar   | Acquired the ring "Hofreofy" {rF+ rC+ Will+ MP+9}
 74075 | Depths:4 | Received a gift from Sif Muna
 74092 | Depths:4 | Noticed a juggernaut
 74248 | Depths:4 | Killed a juggernaut
 74423 | Depths:4 | Found a one-way gateway to a ziggurat.
 74451 | Depths:4 | Found Fimaj's Antique Armour Shop.
 74675 | Depths:4 | Found Diala's Weapon Boutique.
 75908 | Depths:4 | Found a gate to the Realm of Zot.
 76584 | Slime:1  | Entered Level 1 of the Pits of Slime
 76859 | Depths:3 | Reached skill level 15 in Shapeshifting
 76890 | Depths:3 | Bought the ring of Huntirac {Wiz rC+ Will+ rCorr Stlth-}
                  | for 699 gold pieces
 77377 | Slime:2  | Received a gift from Sif Muna
 77382 | Slime:2  | Paralysed by a formless jellyfish for 1 turns
 77388 | Slime:2  | Got Sif Muna's Handbook of Distorted Degeneration {god
                  | gift}
 77780 | Slime:4  | Paralysed by a formless jellyfish for 1 turns
 77902 | Slime:4  | Found a viscous altar of Jiyva.
 77915 | Slime:5  | Entered Level 5 of the Pits of Slime
 78111 | Slime:5  | Noticed the Royal Jelly
 78127 | Slime:5  | Killed the Royal Jelly
 78128 | Slime:5  | Reached XP level 24. HP: 129/129 MP: 0/46
 78466 | Slime:5  | Identified the ring of Qecs {^Contam Fly Dex+7 Stlth-}
 78475 | Slime:5  | Identified the ring of Zobboj {rN+ Dex+3}
 78589 | Slime:5  | Identified the staff "Irghatatz" {rC+ rN+ Summ Necro}
 78591 | Slime:5  | Got a slimy rune of Zot
 78644 | Slime:5  | Identified the amulet of Mytz {Faith Rampage rElec}
 78648 | Slime:5  | Identified the staff of Recklessness {rElec rN+ Int+4
                  | Stlth- Air Alchemy}
 78788 | Slime:5  | Paralysed by a formless jellyfish for 1 turns
 78918 | Slime:5  | Received a gift from Sif Muna
 79209 | Slime:5  | Learned a level 8 spell: Ignition
 79210 | Slime:5  | Acquired a manual of Fighting
 79829 | Depths:4 | Gained mutation: Your body sometimes deteriorates upon
                  | taking damage. [mutagenic glow]
 79834 | Zot:1    | Entered Level 1 of the Realm of Zot
 79986 | Zot:1    | Reached skill level 15 in Fighting
 80359 | Zot:1    | Reached skill level 1 in Fire Magic
 80899 | Zot:2    | Reached skill level 5 in Fire Magic
 81187 | Zot:2    | Found the macabre finger necklace {Finger+ rN+}
 81363 | Zot:2    | Received a gift from Sif Muna
 81364 | Zot:2    | Got Sif Muna's Volume of Fetid Exhumation {god gift}
 81439 | Zot:2    | Found a radiant altar of Vehumet.
 82848 | Zot:4    | Reached skill level 10 in Fire Magic
 83934 | Zot:5    | Entered Level 5 of the Realm of Zot
 83935 | Zot:5    | Noticed a Killer Klown
 83942 | Zot:5    | Reached XP level 25. HP: 25/137 MP: 1/46
 83942 | Zot:5    | HP: 3/178 [red draconian/+2 war axe of electrocution[a
                  | purple draconian shifter] (26)]
 83943 | Zot:5    | Slain by a death cob
 83943 | Zot:5    | Lost a life (1 life remaining)
 83950 | Zot:5    | Killed a Killer Klown
 84488 | Zot:5    | Noticed a dread lich
 84573 | Zot:5    | Killed a dread lich
 84666 | Zot:5    | Noticed an ancient lich
 84666 | Zot:5    | Noticed a Killer Klown
 84669 | Zot:5    | Killed a Killer Klown
 84680 | Zot:5    | Killed an ancient lich
 84820 | Zot:5    | Noticed a dread lich
 84824 | Zot:5    | Noticed an orb of fire
 84827 | Zot:5    | Killed a dread lich
 84827 | Zot:5    | Noticed a dread lich
 84831 | Zot:5    | Noticed an orb of fire
 84835 | Zot:5    | Gained mutation: You expend magic power (3 MP) to
                  | strengthen your wands. [an orb of fire]
 84841 | Zot:5    | Killed a dread lich
 84841 | Zot:5    | Received a gift from Sif Muna
 84843 | Zot:5    | Killed an orb of fire
 84848 | Zot:5    | Killed an orb of fire
 84957 | Zot:5    | Got Sif Muna's Spellbook of the Destructive Flock {god
                  | gift}
 84991 | Zot:5    | Noticed a Killer Klown
 84995 | Zot:5    | Killed a Killer Klown
 85008 | Zot:5    | Reached skill level 15 in Fire Magic
 85069 | Zot:5    | Noticed a dread lich
 85082 | Zot:5    | Killed a dread lich
 85148 | Zot:5    | Noticed an ancient lich
 85154 | Zot:5    | Killed an ancient lich
 85319 | Zot:5    | Noticed an ancient lich
 85320 | Zot:5    | Noticed an ancient lich
 85320 | Zot:5    | Noticed an orb of fire
 85331 | Zot:5    | Killed an ancient lich
 85334 | Zot:5    | Killed an ancient lich
 85342 | Zot:5    | Killed an orb of fire
 85354 | Zot:5    | Noticed a Killer Klown
 85467 | Zot:5    | Killed a Killer Klown
 85632 | Zot:5    | Noticed a dread lich
 85636 | Zot:5    | Killed a dread lich
 86950 | Crypt:1  | Entered Level 1 of the Crypt
 87901 | Crypt:2  | Reached XP level 26. HP: 144/144 MP: 30/46
 87901 | Crypt:2  | Gained a life (2 lives remaining)
 87949 | Crypt:2  | Received a gift from Sif Muna
 87950 | Crypt:2  | Got Sif Muna's Incunabulum of the Blazing Welkin {god gift}
 88247 | Crypt:2  | Found an ancient bone altar of Kikubaaqudgha.
 88836 | Crypt:3  | Entered Level 3 of the Crypt
 89734 | Crypt:3  | Found a staircase to the Tomb.
 89806 | Crypt:3  | Noticed an ancient lich
 89811 | Crypt:3  | Killed an ancient lich
 90048 | Crypt:3  | Received a gift from Sif Muna
 90049 | Crypt:3  | Got Mosh's Codex of Grisly Injury {god gift}
 90063 | Crypt:3  | Noticed a dread lich
 90068 | Crypt:3  | Killed a dread lich
 90395 | Crypt:3  | Found an ancient bone altar of Kikubaaqudgha.
 90402 | Crypt:3  | Found a basalt altar of Yredelemnul.
 90444 | Crypt:3  | Got the Guide on Exhumation
 90712 | Vaults:5 | Entered Level 5 of the Vaults
 90723 | Vaults:5 | Noticed an ancient lich
 90739 | Vaults:5 | Killed an ancient lich
 90743 | Vaults:5 | Reached ****** piety under Sif Muna
 90743 | Vaults:5 | Received a gift from Sif Muna
 91045 | Vaults:5 | Got Sif Muna's Elucidation of Minerals and Abhorrent Rites
                  | {god gift}
 91491 | Vaults:5 | Reached XP level 27. HP: 148/148 MP: 29/46
 91813 | Vaults:5 | Found the brooch of Shielding {Spirit SH+8}
 92267 | Vaults:5 | Got a silver rune of Zot
 92794 | D:15     | Killed Jussuw Iff's ghost
 93013 | Zig:1    | Entered Level 1 of a ziggurat
 93063 | Zig:2    | Entered Level 2 of a ziggurat
 93117 | Zig:3    | Entered Level 3 of a ziggurat
 93187 | Zig:4    | Entered Level 4 of a ziggurat
 93252 | Zig:5    | Entered Level 5 of a ziggurat
 93257 | Zig:5    | Noticed Taosmor the pandemonium lord
 93268 | Zig:5    | Killed Taosmor the pandemonium lord
 93353 | Zig:5    | Identified the ring "Mion" {Dex+6 Slay+2}
 93356 | Zig:5    | Identified the +1 leather armour of Giyrchalu {*Corrode rN+
                  | Int+5}
 93363 | Zig:6    | Entered Level 6 of a ziggurat
 93370 | Zig:6    | Noticed Lokuf the pandemonium lord
 93384 | Zig:6    | Killed Lokuf the pandemonium lord
 93492 | Zig:7    | Entered Level 7 of a ziggurat
 93632 | Zig:8    | Entered Level 8 of a ziggurat
 93639 | Zig:8    | Noticed an ancient lich
 93640 | Zig:8    | Noticed a dread lich
 93652 | Zig:8    | Killed an ancient lich
 93655 | Zig:8    | Killed a dread lich
 93749 | Zig:8    | Identified the ring of Ruf Teuj {rF+ MP+9}
 93762 | Zig:8    | Identified the staff of the Spectre {rN+ Dex+4 Necro}
 93767 | Zig:9    | Entered Level 9 of a ziggurat
 93890 | Zig:10   | Entered Level 10 of a ziggurat
 93995 | Zig:10   | Identified the +2 rapier "Mabout" {freeze, Dex+2}
 94024 | Zig:11   | Entered Level 11 of a ziggurat
 94140 | Zig:11   | Identified the ring of Xaunar Luox {Wiz rElec rPois rC+
                  | rCorr}
 94172 | Zig:12   | Entered Level 12 of a ziggurat
 94203 | Zig:12   | Identified the +5 double sword of Beogh's Supremacy {flame,
                  | Fly rC- rN+}
 94216 | Zig:12   | Identified the +7 morningstar of Diet Blood {flame, Dex+2}
 94317 | Zig:13   | Entered Level 13 of a ziggurat
 94478 | Zig:13   | Identified the amulet of the Establishment {Faith rC+}
 94479 | Zig:13   | Identified the +0 robe of a Million Geomancers {rC- Regen+
                  | Str+6 Archmagi}
 94500 | Zig:14   | Entered Level 14 of a ziggurat
 94515 | Zig:14   | Noticed an ancient lich
 94518 | Zig:14   | Shot with a bolt by a yaktaur captain
 94518 | Zig:14   | Lost a life (1 life remaining)
 94538 | Zig:14   | Killed an ancient lich
 94713 | Zig:14   | Identified the +0 hand axe "Litauj" {elec, Dex+4}
 94718 | Zig:15   | Entered Level 15 of a ziggurat
 94742 | Zig:15   | HP: 3/153 [nagaraja/+0 spear (29)]
 94743 | Zig:15   | Gained a life (2 lives remaining)
 94744 | Zig:15   | Demolished by a nagaraja
 94744 | Zig:15   | Lost a life (1 life remaining)
 94746 | Zig:15   | Identified the ring of the Good {rC+ rCorr}
 94917 | Zig:15   | Identified the amulet "Ynnalozo" {Faith Int+4}
 94918 | Zig:15   | Identified the staff "Macwyc" {rC+ Str+2 Dex+3 SInv Ice}
 94930 | Zig:15   | Identified the amulet of the Monkey {Reflect rC- rN+ Int+3
                  | SH+5}
 94984 | Zig:16   | Entered Level 16 of a ziggurat
 95114 | Zig:16   | Identified the ring "Xachoezu" {rPois rC- rN+ MP+9}
 95125 | Zig:16   | Identified the ring of the Real Monster {Fly rCorr}
 95338 | Zot:5    | Got the Orb of Zot
 95394 | Zot:3    | Noticed Dihiss the pandemonium lord
 95423 | Zot:3    | Killed Dihiss the pandemonium lord
 95436 | Zot:2    | Noticed Imnehesai the pandemonium lord
 95453 | Zot:2    | Killed Imnehesai the pandemonium lord
 95497 | Depths:3 | Noticed Nekumaci the pandemonium lord
 95590 | D:15     | Noticed a seraph
 95687 | D:10     | Noticed Teijas the pandemonium lord
 95819 | D:6      | Noticed Uwaro the pandemonium lord
 95905 | D:1      | Noticed Roruguho the pandemonium lord
 95929 | D:$      | Escaped with the Orb!

Illustrated notes

Levels and vault maps discovered:
D:1:      nzn_arrival_depleted_hourglass, layout_basic
D:2:      layout_loops_ring, serial_shops, nicolae_shop_hallway_plus,
          hangedman_decor_opposing, kennysheep_decorative_pillar
D:3:      layout_basic, grunt_temple_overflow_open,
          shapermc_ecumenical_altar_ellora, uniq_terence
D:4:      layout_basic, minmay_temple_entry_offerings,
          minmay_misc_feat_diagonals, nrook_loot_triangle,
          nicolae_shop_self_help, uniq_menkaure
D:5:      layout_basic, jmf_multi_god_temple
D:6:      layout_loops_ring
D:7:      layout_rooms, mainiacjoe_overflow_concentric_impassable
D:8:      layout_loops_ring, nicolae_fountain_basement
D:9:      layout_basic, nicolae_two_hexagons, nicolae_shop_overcharged_wands
D:10:     bobbens_index_wilting_gardens, layout_basic,
          erik_lair_orcish_takeover, muffindrake_ghost_dual_entry,
          lightli_bailey_entry_fortress
D:11:     layout_rooms, david_orc_4, nicolae_guarded_unrand_storm_shield,
          uniq_erolcha
D:12:     layout_small_grid, due_unseen_surprise
D:13:     minmay_spotlight, layout_small_grid, gauntlet_entry_generic,
          elyvilon_altar_1
D:14:     layout_irregular_city, hellmonk_vaults_keyhole,
          nemelex_diamond_rough_becter
D:15:     grunt_enter_depths_magical_seal, layout_irregular_city,
          gammafunk_ghost_wrathful_warriors, cheibriados_altar_1,
          grunt_decor_mini_mirrors
Lair:1:   layout_cave_pods, lemuel_fruit_tree, grunt_megastairs_3
Lair:2:   layout_regular_city, enter_volcano_1, nicolae_lair_liquid_snakes,
          infiniplex_staircase_pool_2
Lair:3:   wad_woods_stonehenge, layout_small_grid,
          minmay_shoals_entry_lonely_mermaid, nicolae_spider_entry_orb_guardian,
          uniq_nergalle, uniq_nessos
Lair:4:   layout_concentric_octagons, lemuel_fruit_fields
Lair:5:   cheibrodos_lair_end_hotspot, layout_misc_corridors, slime_entry_1,
          infiniplex_staircase_pool
Shoals:1: gammafunk_sealed_arena, layout_shoals, ldierk_geyser
Shoals:2: layout_shoals
Shoals:3: layout_shoals, nicolae_shoals_shepherds
Shoals:4: shoals_end_simple, layout_shoals, lemuel_centaur_altar
Spider:1: layout_spider_delve
Spider:2: layout_spider_delve, nicolae_spider_baby_got_redback, uniq_frances,
          uniq_mlioglotl, uniq_arachne
Spider:3: layout_chambers, nicolae_spider_bug_shape
Spider:4: spider_rune_water, nicolae_spider_some_kinda_spiderbox
Slime:1:  layout_caves
Slime:2:  layout_caves, cheibrodos_slime_lost_civilization_7
Slime:3:  layout_caves, nicolae_slime_ancient_tower_intersection
Slime:4:  layout_caves, basic_altar
Slime:5:  slime_pit_nicolae_trefoil
Orc:1:    layout_diamond_mine
Orc:2:    st_orc_pillars, layout_diamond_mine
Elf:1:    eino_elf_arrival_customs, layout_onion_city, minmay_elf_annihilation,
          dreamdust_princess_corridor
Elf:2:    elven_hall_of_blades_hangedman_alternative
          [nicolae_blade_entry_floor_patterns], layout_onion_city, basic_altar
Elf:3:    minmay_elf_hall_x, layout_geoelf_diagonals, serial_shops, shop, shop,
          nicolae_shop_real_fake_doors
Vaults:1: v_pattern_3, vaults_dpeg_encased_lava, vaults_room_fancy_cross,
          nicolae_vaults_murderbox, nicolae_vaults_theta,
          nicolae_vaults_tetromino_L_2, nicolae_vaults_network_barrier,
          v_misc_33, vaults_room_pool, nicolae_vaults_double_plus_3,
          hangedman_vaults_slither, nicolae_vaults_house_2,
          nicolae_vaults_yaktaur_gun_rack, vaults_dpeg_cross,
          nicolae_vaults_angled_halls, dpeg_vaults_monster_box,
          nicolae_vaults_diamond_1, layout_vaults_omnibox
Vaults:2: gammafunk_ghost_fury_of_okawaru, hangedman_vaults_nodes,
          nicolae_vaults_more_shelving_1, v_misc_33,
          nicolae_vaults_closet_pinwheel_3, hangedman_vaults_trim,
          grunt_vaults_trifunnel, ontoclasm_vaults_decontamination,
          vaults_room_semicircle, nicolae_vaults_storage_room_glass,
          ontoclasm_vaults_misaligned, layout_vaults_chaotic_city, serial_shops,
          nicolae_shop_trees, nicolae_shop_bloodbath_and_beyond,
          nicolae_shop_pleasant_corner_grove
Vaults:3: nicolae_vaults_trapezoid_lopsided_2, nicolae_vaults_network_periphery,
          blue_anna_dwarven_crypt, nicolae_vaults_taking_the_gang_shopping,
          nicolae_vaults_tetromino_T_2, nicolae_vaults_surprise_closet,
          nicolae_vaults_stepped_doors, nicolae_vaults_cornered_office,
          v_misc_3, layout_vaults_omnigrid, uniq_zenata
Vaults:4: nicolae_vaults_asterisk, hangedman_vaults_trim, grunt_vaults_twisty,
          serial_library_hellmonk_big_corner, hangedman_vaults_river_flow,
          nicolae_vaults_network_star, vaults_room_semicircle, st_more_cells,
          v_rooms_2, nicolae_vaults_stairing_the_circle,
          nicolae_vaults_tangram_1, nicolae_vaults_house_3,
          nicolae_vaults_trapezoid_3, nicolae_vaults_little_squares_5,
          nicolae_vaults_house_3, layout_vaults_ring
Vaults:5: serial_shops
Crypt:1:  layout_misc_corridors, feat_on_display, grunt_megastairs_5
Crypt:2:  layout_chaotic_city, basic_altar
Crypt:3:  lightli_unholy_cathedral, layout_chaotic_city,
          tomb_entry_shell_bobbens, minmay_misc_feat_columns
Depths:1: layout_cave_pools, hangedman_coc_ice_floe,
          nicolae_abyss_entry_one_way_or_another, minmay_misc_feat_encased,
          water_boxes_lemuel
Depths:2: minmay_the_grid_triangle_9x9_line_8_mashed
          [minmay_the_grid_triangle_9x9_corrupted_corridor,
          minmay_the_grid_triangle_9x9_sparse_checkered,
          minmay_the_grid_triangle_9x9_alien,
          minmay_the_grid_triangle_9x9_checkered,
          minmay_the_grid_triangle_9x9_windchime,
          minmay_the_grid_triangle_9x9_wacky_v,
          minmay_the_grid_triangle_9x9_from_above,
          minmay_the_grid_triangle_9x9_prize_schism], layout_basic,
          hangedman_decor_peaks_small, serial_shops,
          nicolae_shop_temple_entry_statues_fountains, hell_entry,
          grunt_pan_entry_in_and_out, grunt_decor_one_mirror,
          minmay_misc_feat_more_columns, hellmonk_scarab_ruin,
          infiniplex_staircase_trident, uniq_josephina
Depths:3: kennysheep_demon_jail, layout_gridville, pf_hell_entry_tar_spiral,
          trog_three_pillars_becter, serial_shops, shop_statue,
          abyss_entry_small_statue_room, minmay_shop_grove
Depths:4: grunt_zot_entry_bicorn, layout_gridlike, enter_ziggurat_a,
          serial_shops, bzr_entry_gold, rand_demon_pan_entry_7,
          pf_hell_entry_great_geh, minmay_shoptagon
Zot:1:    kennysheep_blocky_room, layout_misc_corridors
Zot:2:    layout_onion_interference, basic_altar
Zot:3:    layout_gridlike
Zot:4:    layout_basic, bh_zot_ikea_curve
Zot:5:    layout_misc_corridors

Skill      XL: |  1  2  3  4  5  6  7  8  9 10 11 12 13 14 15 16 17 18 19 20 21 22 23 24 25 26 27 |
---------------+----------------------------------------------------------------------------------+-----
Spellcasting   | 3 4 8 10 12 14 18 | 18.0
Summonings     | 5 6 7 8 10 13 17 20 22 24 25 | 25.0
Air Magic      | 3 4 5 7 |  7.0
Fighting       | 2 5 8 10 14 16 22 | 22.2
Conjurations   | 1 5 7 8 10 | 10.0
Alchemy        | 1 5 9 10 11 | 11.0
Dodging        | 5 11 12 | 12.0
Translocations | 5 6 12 | 12.0
Hexes          | 2 10 | 10.0
Invocations    | 8 10 14 | 14.0
Shapeshifting  | 9 16 19 23 | 23.0
Fire Magic     | 11 17 18 | 18.0
Stealth        | |  2.6

Action                     |  1- 3 |  4- 6 |  7- 9 | 10-12 | 13-15 | 16-18 | 19-21 | 22-24 | 25-27 || total
---------------------------+-------+-------+-------+-------+-------+-------+-------+-------+-------++-------
  Melee: Unarmed           |    18 |    21 |    57 |    89 |    53 |    96 |    34 |    53 |    38 ||   459
         Bite              |     1 |     6 |    13 |    14 |     7 |    22 |     4 |    15 |     6 ||    88
         Punch             |       |     2 |       |     2 |     2 |     5 |       |     1 |       ||    12
         Tailslap          |       |       |       |       |       |       |       |     7 |       ||     7
   Cast: Summon Small Mamm |    50 |    40 |     8 |    21 |       |       |       |       |       ||   119
         Call Imp          |    16 |    25 |    16 |    10 |       |       |       |       |       ||    67
         Call Canine Famil |     1 |    22 |    39 |    51 |    26 |     2 |       |       |       ||   141
         Summon Lightning  |       |       |    27 |    72 |   117 |    42 |       |       |       ||   258
         Irradiate         |       |       |     1 |    20 |     5 |     9 |    12 |     1 |       ||    48
         Blink             |       |       |       |     2 |     1 |     8 |     4 |     3 |    14 ||    32
         Summon Mana Viper |       |       |       |       |   120 |    70 |    42 |     1 |       ||   233
         Eringya's Noxious |       |       |       |       |     5 |    15 |       |       |       ||    20
         Summon Hydra      |       |       |       |       |     2 |   300 |    44 |       |       ||   346
         Olgreb's Toxic Ra |       |       |       |       |       |    36 |       |       |       ||    36
         Summon Horrible T |       |       |       |       |       |    43 |    72 |    42 |    63 ||   220
         Malign Gateway    |       |       |       |       |       |     6 |    15 |     8 |     9 ||    38
         Dragon's Call     |       |       |       |       |       |       |    64 |    93 |    89 ||   246
         Yara's Violent Un |       |       |       |       |       |       |       |     1 |       ||     1
         Ignition          |       |       |       |       |       |       |       |       |    22 ||    22
 Invoke: Channel Magic     |       |       |       |     1 |       |       |       |     4 |     6 ||    11
         Forget Spell      |       |       |       |       |       |     1 |     2 |       |       ||     3
  Evoke: Wand              |       |       |       |     3 |     7 |     4 |     7 |       |     6 ||    27
         Condenser vane    |       |       |       |       |       |     2 |     1 |       |       ||     3
         Phial of floods   |       |       |       |       |       |     1 |     1 |       |       ||     2
    Use: Scroll            |       |     3 |       |     6 |     8 |    17 |     3 |    11 |     6 ||    54
         Potion            |       |       |       |     2 |     1 |     7 |     2 |     1 |    17 ||    30
   Stab: Distracted        |       |       |     4 |     3 |     2 |     4 |     4 |     2 |     2 ||    21
         Sleeping          |       |       |     1 |       |       |       |       |       |       ||     1
         Betrayed ally     |       |       |     1 |       |       |       |       |       |       ||     1
 Armour: Skin              |    16 |    11 |    47 |   146 |    83 |   261 |   177 |   218 |   384 ||  1343
  Dodge: Dodged            |    22 |    23 |   129 |   329 |   165 |   470 |   173 |   236 |   478 ||  2025
   Form: Dragon            |       |       |       |       |       |       |       |     1 |       ||     1
         Statue            |       |       |       |       |       |       |       |     1 |     1 ||     2
         Death             |       |       |       |       |       |       |       |       |     1 ||     1
